 Dungeon Crawl Stone Soup version 0.18-a0-750-g37044d6 (webtiles) character file.

28 cluie the Skirmisher (level 3, -1/43 HPs)
             Began as a Demonspawn Berserker on Dec 11, 2015.
             Was a Follower of Trog.
             Slain by a mummy (12 damage)
             ... in an ossuary.
             The game lasted 00:02:21 (416 turns).

cluie the Skirmisher (Demonspawn Berserker)          Turns: 416, Time: 00:02:21

Health: -1/43      AC:  2    Str: 22    XL:     3   Next: 0%
Magic:  3/3        EV: 12    Int:  8    God:    Trog [*.....]
Gold:   34         SH:  0    Dex: 13    Spells: 0 memorised, 2 levels left

rFire  + . .     SeeInvis .     a - +0 hand axe
rCold  . . .     Clarity  .     b - +0 animal skin
rNeg   . . .     SustAt   .     (no shield)
rPois  .         Gourm    .     (no helmet)
rElec  .         Spirit   .     (no cloak)
rCorr  .         Dismiss  .     (no gloves)
rMut   .         Stasis   .     (no boots)
MR     .....                    (no amulet)
Stlth  ..........               (no ring)
                                (no ring)

@: berserking, very quick, not resistant to hostile enchantments, extremely
unstealthy
A: talons 1, fire resistance 1
a: Berserk, Burn Spellbooks, Renounce Religion


You were in an ossuary.
You worshipped Trog.
Trog was aware of your devotion.
You were not hungry.

You visited 1 branch of the dungeon, and saw 5 of its levels.
You also visited: Ossuary.

You collected 34 gold pieces.

Inventory:

Hand Weapons
 a - a +0 hand axe (weapon)
Armour
 b - a +0 animal skin (worn)
Scrolls
 d - 2 scrolls of remove curse {unknown}
 e - 2 scrolls of identify {unknown}
 f - a scroll of enchant armour {unknown}
 i - a scroll of holy word {unknown}
Comestibles
 c - 2 bread rations
 g - a meat ration
 h - a royal jelly


   Skills:
 + Level 3.2 Fighting
 * Level 3.2 Axes
 + Level 2.0 Armour
 + Level 2.1 Dodging


You had 2 spell levels left.
You didn't know any spells.

Dungeon Overview and Level Annotations

Branches:
Dungeon (5/15)
 Temple: D:4-7

Altars:
Gozag


Innate Abilities, Weirdness & Mutations

You have sharp toenails.
Your flesh is heat resistant.


Message History

Found a pink potion. 3 mummies come into view.
Found a scroll labeled IHUTZAZXAN.
Found a gate leading back out of this place.
You see here a scroll labeled IHUTZAZXAN.
i - a scroll labeled IHUTZAZXAN You hear a distant blaring wail to the southeast.
A red film seems to cover your vision as you go berserk!
You feel yourself moving faster!
You feel mighty!
You feel somewhat more hungry.
You hit the mummy.
The mummy is moderately damaged.
A poisoned needle hits the mummy, but does no damage!
Unknown command.
You barely miss the mummy. You claw the mummy.
The mummy is moderately damaged.
You hit the mummy.
The mummy is moderately damaged.
The mummy hits you!
You die...

###### ###?!?.# ##
#....M.#+#+#+#+#+#+#+#.
#....M@...^........^...
#.....M.........^......M
∩...........^.^^.......M
#............^M.......M.
##..............^^......
#......#+#+#+#+#+#+#+#^
###!!?!# ## ######


You could see 4 mummies.

Vanquished Creatures
  2 adders (D:2)
  A giant gecko (D:1)
  2 goblins
  A hobgoblin (D:3)
  A giant cockroach (D:1)
  A giant newt (D:2)
  A kobold (D:1)
  A rat (D:3)
10 creatures vanquished.

Notes
Turn   | Place    | Note
--------------------------------------------------------------
     0 | D:1      | cluie the Demonspawn Berserker began the quest for the Orb.
     0 | D:1      | Reached XP level 1. HP: 18/18 MP: 1/1
   123 | D:2      | Gained mutation: Your flesh is heat resistant. [demonic ancestry]
   123 | D:2      | Reached XP level 2. HP: 13/24 MP: 2/2
   323 | D:3      | Gained mutation: You have sharp toenails. [demonic ancestry]
   323 | D:3      | Reached XP level 3. HP: 8/29 MP: 3/3
   337 | D:4      | Found an opulent altar of Gozag.
   377 | D:5      | Entered Level 5 of the Dungeon
   377 | D:5      | Found a sand-covered staircase.
   384 | Ossuary  | Entered an ossuary
   416 | Ossuary  | Slain by a mummy

Vault maps used:
D:1:      dpeg_arrival_simpleton_b
D:2:      first_bread, uniq_terence, uniq_natasha
D:3:      uniq_purgy
D:4:      lemuel_coloured_pillars_altar, nicolae_overflow_crystal_walls,
          minitemple, kennysheep_doodads, uniq_duvessa
D:5:      minmay_temple_entry_hall, nicolae_ossuary_entry_ruins,
          solitary_fountain, grunt_ministairs_11
Ossuary:  ossuary_the_hunt_dpeg

Action                   || total
-------------------------++-------
Melee: Hand axe          ||    34
Invok: Berserk           ||     1
